 Dungeon Crawl Stone Soup version 0.32-a0-643-ga006e7742e (webtiles) character file.

Game seed: 13504661429021917951

1024 ytrimaz the Prestidigitator (level 8, -12/62 HPs)
             Began as a Coglin Artificer on Mar 8, 2024.
             Mangled by an orc warrior
             ... wielding a +0 dire flail
              (14 damage)
             ... on level 6 of the Dungeon.
             The game lasted 00:07:24 (5341 turns).

ytrimaz the Prestidigitator (Coglin Artificer)      Turns: 5341, Time: 00:07:26

Health: -12/62     AC:  7    Str: 10 (12) XL:     8   Next: 22%
Magic:  8/8        EV: 10    Int: 16      God:
Gold:   539        SH:  0    Dex: 14 (15) Spells: 7/7 levels left

rFire   + . .        i - staff of fire {Ana}
rCold   . . .        y - staff "Letwa" {rElec Int+3 Tloc Air}
rNeg    . . .        r - +0 ring mail
rPois   .            (no helmet)
rElec   +            (no cloak)
rCorr   .            q - +0 pair of gloves
SInv    .            w - +0 pair of boots
Will    .....        (amulet unavailable)
Stlth   +            (ring unavailable)
HPRegen 0.30/turn    (ring unavailable)
MPRegen 0.11/turn    (no gizmo)

%: no passive effects
@: revved
A: off-hand wielding, slow wielding, warmup strikes, no jewellery
a: Invent Gizmo


You were on level 6 of the Dungeon.
You visited 1 branch of the dungeon, and saw 6 of its levels.
You also visited: Ossuary.

You collected 539 gold pieces.


Innate Abilities, Weirdness & Mutations

You can wield a second weapon in your off-hand.
It takes a long time for you to wield or remove held weapons.
Your first few attacks do less damage.
You cannot equip rings or amulets.


   Skills:
 + Level 5.2 Fighting
 + Level 4.3 Staves
 - Level 2.3 Armour
 - Level 1.5 Dodging
 - Level 0.7 Stealth
 + Level 8.0 Evocations


You had 7 spell levels left.
You didn't know any spells.
Your spell library was empty.

Inventory:

Hand Weapons
 a - a +0 club {Santos}
 b - a +2 hand axe of electrocution {Ernst}
   (You found it on level 3 of the Dungeon)
 f - a +0 dagger {Leticia}
 o - a +1 dagger of draining {Carlos}
   (You took it off a goblin on level 2 of the Dungeon)
Armour
 q - a +0 pair of gloves (worn)
   (You found it on level 2 of the Dungeon)
 r - a +0 ring mail (worn)
   (You found it on level 2 of the Dungeon)
 w - a +0 pair of boots (worn)
   (You found it on level 4 of the Dungeon)
Magical Staves
 i - a staff of fire (weapon) {Ana}
   (You acquired it on level 4 of the Dungeon)
 y - the staff "Letwa" (offhand) {rElec Int+3 Tloc Air}
   (You acquired it in an ossuary)

   [staff of air]

   Base accuracy: +5 Base damage: 5 Base attack delay: 1.2 This weapon's minimum
   attack delay (0.6) is reached at skill level 12.
   Int+3:     It affects your intelligence (+3).
   rElec:     It insulates you from electricity.
   Tloc:      It increases the power of your Translocations spells.
   Air:       It increases the power of your Air spells.
   It falls into the 'Staves' category.
   It is a one-graspered weapon.
Wands
 d - a wand of charming (14)
 e - a wand of iceblast (4) (quivered)
 t - a wand of polymorph (6)
   (You took it off Natasha on level 3 of the Dungeon)
Scrolls
 g - a scroll of enchant weapon
 j - 3 scrolls of summoning
 k - a scroll of immolation {unknown}
 l - a scroll of blinking {unknown}
 n - a scroll of fog {unknown}
 p - a scroll of identify {unknown}
 x - a scroll of poison {unknown}
 E - a scroll of enchant armour {unknown}
 F - a scroll of silence {unknown}
Potions
 h - 2 potions of enlightenment
 m - 2 potions of degeneration
 s - 2 potions of attraction {unknown}
 u - 2 potions of brilliance
 v - a potion of curing {unknown}
 z - 2 potions of magic {unknown}
 A - 2 potions of lignification {unknown}
 B - a potion of berserk rage {unknown}
 C - 2 potions of resistance {unknown}
 D - 4 potions of haste

Dungeon Overview and Level Annotations

Branches:
Dungeon (6/15) Zot: 26819  Temple (0/1) D:6         Ossuary (visited)

Altars:
Wu Jian

Shops:
D:1

=
###+##..###.#.##########
#...#######...##..##
#........#....#....#
#........#....'....#
#........#....#....+
#....)...#....#....#
#....)...#....#....#
#...###o.#######...#
#######@.####.##...###
#.....#..............#
#.....#..............#
#..[..'..............+
#....##.............##
#+#####.............##
#....................#
#....########>.......#
#....##....#####'#####


You could see an orc warrior.


Message History

Found a stone staircase leading up.
As you open the door, it creaks loudly!
There is an open door here.
You open the door.
There is an open door here.
Found a stone staircase leading down.
You open the door.
Found a stone staircase leading down.
There is an open door here.
You now have 539 gold pieces (gained 11).
You open the door.
There is an open door here.
D - 4 potions of haste (gained 1)
You open the door.
There is an open door here.
An orc warrior, an orc wizard and 2 orcs come into view.
The orc warrior shouts!
The orc shouts! x2
The orc warrior moves out of view.
You hit the orc with the staff "Letwa".
The orc is electrocuted.
You kill the orc!
You hit the orc with your staff of fire.
You burn the orc. You hit the orc but do no damage.
Unknown command.
You hit the orc wizard but do no damage.
You hit the orc wizard with your staff of fire.
You burn the orc wizard.
You hit the orc wizard with the staff "Letwa".
The orc wizard is electrocuted.
You miss the orc wizard with your staff of fire.
The orc wizard casts a spell at you. The puff of flame hits you.
You resist. 😕 HP[-4]
You take 4 damage, and now have 58/62 hp.
You hit the orc wizard with your staff of fire.
You burn the orc wizard.
You kill the orc wizard!
The orc hits you with a +0 war axe.
Your Evocations skill increases to level 8!
You hit the orc warrior with the staff "Letwa".
You hit the orc warrior but do no damage.
The orc hits you with a +0 war axe.
The orc warrior hits you with a +0 dire flail! 😮 HP[-16]
You take 16 damage, and now have 42/62 hp.
MASSIVE DAMAGE!! (PAUSE)
You are too injured to fight recklessly!
You are too injured to fight recklessly!
Unknown command.
You hit the orc but do no damage. You burn the orc.
You kill the orc!
Unknown command.
You hit the orc warrior but do no damage.
The orc warrior is electrocuted.
You hit the orc warrior but do no damage.
You burn the orc warrior. The orc warrior misses you. 😮 HP[+1]
You hit the orc warrior but do no damage.
You closely miss the orc warrior with your staff of fire.
The orc warrior hits you with a +0 dire flail!
* * * LOW HITPOINT WARNING * * *
😨 HP[-15]
You take 15 damage, and now have 28/62 hp.
MASSIVE DAMAGE!! (PAUSE)
You completely miss the orc warrior with the staff "Letwa".
You hit the orc warrior but do no damage.
The orc warrior barely misses you.
You hit the orc warrior but do no damage.
You burn the orc warrior.
You hit the orc warrior with the staff "Letwa".
The orc warrior completely misses you. 😨 HP[+1] Unknown command.
You hit the orc warrior but do no damage.
You hit the orc warrior with your staff of fire.
The orc warrior hits you with a +0 dire flail!
* * * LOW HITPOINT WARNING * * *
Unknown command. 😨 HP[-10]
You take 10 damage, and now have 19/62 hp.
You hit the orc warrior but do no damage.
You closely miss the orc warrior with the staff "Letwa".
The orc warrior barely misses you.
Unknown command.
Aiming: Throw Flame
Press: ? - help, Q - select action, (/) - cycle Shift-Dir - straight line, f - orc warrior
Aim: an orc warrior, wielding a +0 dire flail and wearing a +0 plate armour (heavily wounded, 76% to hit)
The puff of flame hits the orc warrior but does no damage.
The now-empty wand crumbles to dust.
The orc warrior hits you with a +0 dire flail!!
* * * LOW HITPOINT WARNING * * *
😱 HP[-17]
You take 17 damage, and now have 2/62 hp.
MASSIVE DAMAGE!! (PAUSE) Unknown command.
Okay, then.
Aiming: Iceblast
Press: ? - help, Q - select action, (/) - cycle Shift-Dir - straight line, p - orc warrior The mass of ice explodes!
The iceblast engulfs the orc warrior!
The orc warrior hits you with a +0 dire flail!
You die...

Skill      XL: |  1  2  3  4  5  6  7  8 |
---------------+-------------------------+-----
Dodging        | 1 |  1.5
Armour         | 2 |  2.3
Fighting       | 2 3 4 5 |  5.2
Staves         | 1 2 3 4 |  4.3
Evocations     | 5 6 7 8 |  8.0
Stealth        | |  0.7

Action                     |  1- 3 |  4- 6 |  7- 9 || total
---------------------------+-------+-------+-------++-------
  Melee: Dagger            |   126 |   135 |    11 ||   272
         Club              |   122 |    68 |       ||   190
         Hand axe          |       |    63 |    60 ||   123
         Staff             |       |       |    74 ||    74
  Evoke: Wand              |     1 |     5 |    17 ||    23
    Use: Scroll            |       |     1 |     3 ||     4
         Potion            |       |       |     5 ||     5
   Stab: Sleeping          |     4 |       |       ||     4
         Distracted        |       |     1 |       ||     1
 Armour: Leather armour    |   125 |    26 |       ||   151
         Ring mail         |       |    86 |    51 ||   137
  Dodge: Dodged            |    91 |    83 |    40 ||   214

Levels and vault maps discovered:
D:1:      dpeg_arrival_prison, layout_loops_ring, serial_bayou,
          serial_bayou_pond_c, serial_bayou_pond_a, serial_bayou_pond_b,
          serial_bayou_crossing, serial_shops, nicolae_shop_stone,
          chequers_serial_rivers_micro_d, st_stairs_1, minmay_tripent
D:2:      layout_loops_cross, uniq_jessica
D:3:      minmay_skewed_foursquare, layout_basic, lemuel_crystal_altar,
          uniq_natasha
D:4:      layout_cave_pools, serial_bayou, serial_bayou_lake_a,
          serial_bayou_pond_c, serial_bayou_shore_a, serial_bayou_lagoon_b,
          enter_ossuary_2, uniq_menkaure
D:5:      layout_basic, saegor_snake_ambush, uniq_duvessa
D:6:      layout_gridville, minmay_temple_entry_sparse_star, kennysheep_potato

Notes
Turn   | Place    | Note
-------+----------+-------------------------------------------
     0 | D:1      | ytrimaz the Coglin Artificer began the quest for the Orb.
     0 | D:1      | Reached XP level 1. HP: 15/15 MP: 1/1
     0 | D:1      | magus.rc [v1.9.6]
   137 | D:1      | Reached skill level 1 in Dodging
   204 | D:1      | Reached skill level 2 in Armour
   204 | D:1      | Reached XP level 2. HP: 21/21 MP: 2/2
   212 | D:1      | Found Lyusa's Jewellery Emporium.
   504 | D:1      | Reached XP level 3. HP: 17/26 MP: 3/3
  1408 | D:2      | Reached skill level 2 in Fighting
  1408 | D:2      | Reached XP level 4. HP: 33/33 MP: 4/4
  1451 | D:2      | Noticed Jessica
  1468 | D:2      | Killed Jessica
  1469 | D:2      | Reached skill level 1 in Staves
  1622 | D:2      | Reached skill level 5 in Evocations
  1798 | D:2      | Reached XP level 5. HP: 39/39 MP: 5/5
  2079 | D:3      | Noticed Natasha
  2089 | D:3      | Killed Natasha
  2171 | D:3      | Reached skill level 3 in Fighting
  2240 | D:3      | Reached skill level 2 in Staves
  2462 | D:3      | Noticed Natasha
  2468 | D:3      | Killed Natasha
  2469 | D:3      | Reached XP level 6. HP: 47/47 MP: 6/6
  2501 | D:3      | Noticed Natasha
  2503 | D:3      | Found an ornate altar of the Wu Jian Council.
  2509 | D:3      | Killed Natasha
  2758 | D:4      | Reached skill level 6 in Evocations
  2992 | D:4      | Found a sand-covered staircase.
  2997 | Ossuary  | Entered an ossuary
  3113 | Ossuary  | Reached skill level 3 in Staves
  3113 | Ossuary  | Reached XP level 7. HP: 22/53 MP: 7/7
  3123 | Ossuary  | HP: 12/53 [mummy (14)]
  3126 | Ossuary  | HP: 1/53 [mummy (11)]
  3434 | Ossuary  | Identified 2 scrolls of acquirement
  3588 | D:4      | Noticed Menkaure
  3594 | D:4      | Killed Menkaure
  3595 | D:4      | Reached skill level 4 in Fighting
  3932 | D:4      | Acquired the staff "Letwa" {rElec Int+3 Tloc Air}
  3970 | D:5      | Entered Level 5 of the Dungeon
  3972 | D:5      | Noticed Duvessa
  3972 | D:5      | Noticed Dowan
  3992 | D:5      | Killed Duvessa
  3993 | D:5      | Reached skill level 7 in Evocations
  3998 | D:5      | Killed Dowan
  4262 | D:5      | Reached skill level 4 in Staves
  4262 | D:5      | Reached XP level 8. HP: 24/61 MP: 8/8
  4264 | D:5      | HP: 14/61 [poisoned by a water moccasin]
  4269 | D:5      | HP: 6/61 [poisoned by a water moccasin]
  4507 | D:5      | Reached skill level 5 in Fighting
  5164 | D:6      | Acquired a staff of fire
  5181 | D:6      | Found a staircase to the Ecumenical Temple.
  5330 | D:6      | Reached skill level 8 in Evocations
  5340 | D:6      | HP: 2/62 [orc warrior/+0 dire flail (18)]
  5341 | D:6      | Mangled by an orc warrior

Vanquished Creatures
  Menkaure (D:4)
  Duvessa (D:5)
  A water moccasin (D:5)
  A scorpion (D:5)
  Dowan (D:5)
  An orc priest (D:4)
  A bombardier beetle (D:3)
  A jelly (D:5)
  Jessica (D:2)
  2 iguanas
  Natasha (thrice) (D:3)
  2 orc wizards
  7 mummies (Ossuary)
  5 gnolls
  5 adders
  A shadow imp (D:5)
  2 dart slugs
  A ribbon worm (D:5)
  13 orcs
  11 ball pythons
  4 bats
  2 endoplasms
  4 giant cockroaches
  9 goblins
  7 hobgoblins
  7 jackals
  A quokka (D:5)
  7 frilled lizards
  2 hobgoblin zombies (Ossuary)
  3 kobolds
  3 kobold zombies (Ossuary)
  3 orc zombies (Ossuary)
  9 rats
122 creatures vanquished.

Vanquished Creatures (collateral kills)
  A gnoll (D:2)
  2 orcs (D:4)
  A rat (D:2)
4 creatures vanquished.

Vanquished Creatures (others)
  A mummy (Ossuary)
1 creature vanquished.

Grand Total: 127 creatures vanquished

Table legend:
 A = Non-vault XP
 B = Vault XP
 C = Vault XP percentage of total XP
 D = Non-vault monster count
 E = Vault monster count
 F = Vault count percentage of total count
                 A         B        C        D         E       F
            +---------+---------+-------+---------+---------+-------
      Total |     849 |     615 |  42.0 |      91 |      36 |  28.3
            +---------+---------+-------+---------+---------+-------
        D:1 |      37 |      15 |  28.8 |      21 |       9 |  30.0
        D:2 |      97 |      37 |  27.6 |      20 |       1 |   4.8
        D:3 |     137 |      43 |  23.9 |      17 |       6 |  26.1
        D:4 |     156 |     172 |  52.4 |      18 |       1 |   5.3
        D:5 |     378 |     207 |  35.4 |      11 |       3 |  21.4
        D:6 |      44 |       0 |   0.0 |       4 |       0 |   0.0
    Ossuary |       0 |     141 | 100.0 |       0 |      16 | 100.0
            +---------+---------+-------+---------+---------+-------

Skill      XL: |  1  2  3  4  5  6  7  8 |
---------------+-------------------------+-----
Dodging        | 1 |  1.5
Armour         | 2 |  2.3
Fighting       | 2 3 4 5 |  5.2
Staves         | 1 2 3 4 |  4.3
Evocations     | 5 6 7 8 |  8.0
Stealth        | |  0.7

Action                     |  1- 3 |  4- 6 |  7- 9 || total
---------------------------+-------+-------+-------++-------
  Melee: Dagger            |   126 |   135 |    11 ||   272
         Club              |   122 |    68 |       ||   190
         Hand axe          |       |    63 |    60 ||   123
         Staff             |       |       |    74 ||    74
  Evoke: Wand              |     1 |     5 |    17 ||    23
    Use: Scroll            |       |     1 |     3 ||     4
         Potion            |       |       |     5 ||     5
   Stab: Sleeping          |     4 |       |       ||     4
         Distracted        |       |     1 |       ||     1
 Armour: Leather armour    |   125 |    26 |       ||   151
         Ring mail         |       |    86 |    51 ||   137
  Dodge: Dodged            |    91 |    83 |    40 ||   214

Illustrated notes

Table legend:
 A = Kills in this place as a percentage of kills in the entire game.
 B = Kills by you in this place as a percentage of kills by you in the entire game.
 C = Kills by friends in this place as a percentage of kills by friends in the entire game.
 D = Other kills in this place as a percentage of other kills in the entire game.
 E = Experience gained in this place as a percentage of experience gained in the entire game.
 F = Experience gained in this place divided by the number of levels of this place that you have seen.
                   A       B       C       D       E      F
               +-------+-------+-------+-------+-------+----------------------
         Total | 100.0 | 100.0 | 100.0 | 100.0 | 100.0 | 209.1
       Dungeon |  87.4 |  87.7 | 100.0 |   0.0 |  90.4 | 220.5
       Ossuary |  12.6 |  12.3 |   0.0 | 100.0 |   9.6 | 141.0
               +-------+-------+-------+-------+-------+----------------------

Table legend: (Time is in decaauts)
 A = Elapsed time spent in this place.
 B = Non-inter-level travel time spent in this place.
 C = Inter-level travel time spent in this place.
 D = Time resting spent in this place.
 E = Time spent auto-exploring this place.
 F = Levels seen in this place.
 G = Mean time per level.
                   A        B        C        D        E       F      G
               +--------+--------+--------+--------+--------+-----+--------+
         Total |   5432 |   5362 |     70 |    130 |   4199 |   7 |  776.0 |
       Dungeon |   4989 |   4919 |     70 |    124 |   3873 |   6 |  831.5 |
       Ossuary |    443 |    443 |      0 |      6 |    326 |   1 |  443.0 |
               +--------+--------+--------+--------+--------+-----+--------+

Top non-repeatable levels by time:
     D:1: 1239 daAuts
     D:5: 1214 daAuts
     D:2: 816 daAuts
     D:4: 810 daAuts
     D:3: 728 daAuts
 Ossuary: 443 daAuts
     D:6: 179 daAuts
